 BcadrenCrawl: Boulder Brew version 0.03.2.1-74-g36a636df43 (webtiles) character file.

Game seed: 2375144379015417358, levelgen mode: deterministic

55176 esc the Cruncher (level 14, -17/129 HPs) Lignifite Berserker. Began on Feb 15, 2021. Was the Champion of Trog. Killed from afar by a fire dragon (25 damage) ... with a blast of flame ... on level 6 of the Lair of Beasts. The game lasted 00:32:38 (12132 turns).

esc the Cruncher (Lignifite Berserker)             Turns: 12132, Time: 00:32:39

Health: -17/129    AC: 26    Str: 27    XL:     14 ^: 24051
Magic:  14/15      EV:  9    Int:  9    God:    Trog [6* [200]]
Gold:   913        SH:  0    Dex: 11    Spells: 13/13 levels left

rFire    . . .     Vision   .   t - +7 morningstar (molten)
rCold    + . .     Gourm    .   N - +1 heater shield {AC+3}
rNeg     . . .     Faith    .   u - +0 troll leather {Str+3}
rPois    +         Spirit   .   (helmet restricted)
rElec    +         Reflect  +   o - +0 cloak {+Inv}
rCorr    +         Harm     .   (gloves unavailable)
MR       +....                  (boots unavailable)
Stlth    ++++......             r - amulet of reflection
HPRegen  1.93/turn              A - ring of protection
MPRegen  0.25/turn              w - ring of protection

@: resistant, held, quick
A: rF-, deformed body, speed 1, poison resistance, slow metabolism 1, torment
resistance, plant, rot immunity, AC +2
a: Unearth Roots, Berserk, Trog's Hand, Brothers in Arms, Renounce Religion,
Evoke Invisibility


You were on level 6 of the Lair of Beasts.
You worshipped Trog.
Trog was exalted by your worship.
You were not hungry.

You visited 2 branches of the dungeon, and saw 11 of its levels.

You collected 913 gold pieces.

Inventory:

Weapons
 t - a +7 morningstar of molten steel (weapon)
 K - a +5 great mace of crushing
 L - a +6 antimagic morningstar Shields
 N - a +1 heater shield of protection (shield)
Armour
 o - a +0 cloak of invisibility (worn)
 u - a +0 troll leather of strength (worn)
Jewellery
 a - an uncursed ring of strength
 k - an uncursed ring of stealth
 p - an uncursed ring of resist corrosion
 r - an amulet of reflection (around neck)
 v - a cursed ring of positive energy {(Curse: Slay-2)}
 w - a ring of protection (right hand)
 x - a cursed amulet of rage {(Curse: rC-)}
 A - a ring of protection (left hand)
Wands
 f - a wand of iceblast (1)
 g - a wand of enslavement (2)
 z - a wand of random effects (14)
 F - a wand of acid (11)
 O - a wand of flame (38)
 Q - a wand of disintegration (13)
Scrolls
 d - 18 scrolls of teleportation
 e - 3 scrolls of blinking
 h - 5 scrolls of torment
 n - 4 scrolls of fog
 y - 3 scrolls of magic mapping
 D - 3 scrolls of summoning
 E - 5 scrolls of enchantment
 J - a scroll of fear
 P - a scroll of holy word
Potions
 i - 2 potions of might
 j - 4 potions of magic
 l - 4 potions of agility
 m - a potion of invisibility
 q - 14 potions of curing
 C - 4 potions of berserk rage
 G - 7 potions of heal wounds
 H - 4 potions of haste
 I - 2 potions of brilliance
Miscellaneous
 B - a lamp of fire
 M - a box of beasts
Comestibles
 b - 17 chunks of flesh
 c - 30 rations


   Skills:
 + Level 13.0 Fighting
 + Level 14.0 Maces & Staves
 + Level 4.0 Armour
 + Level 12.1 Dodging
 + Level 11.5 Shields


You had 13 spell levels left.
You didn't know any spells.
Your spell library contained the following spells:

 Spells                   Type           Power        Failure   Level  Hunger
 Portal Projectile        Chrm/Tloc      0 (50)       90%         3    ####...
 Muse Oam's Air Blast     Tloc/Air       0 (100)      100%        4    #####..
 Dispersal                Tloc           0 (200)      100%        6    #######
 Controlled Blink         Tloc           0 (100)      100%        7    #######
 Disjunction              Tloc           0 (200)      100%        8    #######


Dungeon Overview and Level Annotations

Branches:
Dungeon (5/8)              Temple (0/1) D:4            Lair (6/6) D:5
  Swamp (0/4) Lair:3       Spider (0/4) Lair:3        Slime (0/5) Lair:6

Altars:
Elyvilon
Fedhas Madash
Makhleb
Okawaru
Uskayaw
The Shining One
Jiyva

Shops:
D:2 %

Annotations:
Lair:5 3 runed translucent doors, Kaofid's ghost, journeyman GrEE


Innate Abilities, Weirdness & Mutations

Your woody flesh burns easily. (rF-)
Your bark is resilient. (AC +2)
A tangle of shorter branches protects your body from attack. (+5 SH)
You can plant your roots to grant stasis and boost your AC and Regeneration.
Armour fits poorly on your strangely shaped body.
You cover ground quickly.
Your system is resistant to poisons. (rPois)
You have a slow metabolism.
You are immune to unholy pain and torment.
You require very little carbon dioxide to survive.
You are immune to rotting.
You frequently lose your temper in combat.
This godly rage surpasses even clarity. (*Rage)


Message History

The stream of webbing hits you but does no damage (0).
You are even more entangled.
The swamp dragon bites you but does no damage.
The swamp dragon claws you but does no damage.
The swamp dragon tramples you but does no damage.
You keep digging out your roots.
You see some ice cracking.
The fire dragon bites you but does no damage.
The fire dragon claws you (7)!
* * * LOW HITPOINT WARNING * * *
The fire dragon tramples you but does no damage.
The swamp dragon bites you but does no damage.
The swamp dragon claws you but does no damage.
The swamp dragon tramples you (1).
* * * LOW HITPOINT WARNING * * *
You keep digging out your roots.
You see some ice cracking.
The fire dragon breathes flames at you. The blast of flame hits you (25)!!
You die...

♣♣♣♣♣.P†.[≈≈≈.≈†
♣♣♣♣♣...♣♣÷÷[P♣≈≈
♣♣♣♣..♣.P♣≈≈≈♣♣♣♣♣
♣♣♣....P.≈≈♣♣.P♣♣♣
♣♣♣....|.≈≈♣♣♣....t
♣♣♣♣♣.♣.≈≈≈.≈♣P♣♣♣..♣
♣♣♣♣.^≈[♣♣♣..≈....♣.♣
♣♣...≈.♣♣♣♣♣.≈≈...♣♣♣
♣♣♣..@.♣♣♣.♣♣♣P≈≈≈≈.
♣ ♣♣.≈DD♣♣$....♣♣♣≈.♣
♣♣≈≈≈♣♣♣...![♣ ♣≈
♣♣♣≈≈♣≈P.....♣
♣♣..≈≈≈≈..≈≈.P
♣♣♣]PD≈.≈≈≈≈≈≈≈
♣♣♣♣..≈≈≈≈≈≈≈≈≈ ♣♣♣♣
.≈..≈ ♣.≈♣..


You could see a fire dragon and a swamp dragon.

Vanquished Creatures
  Rupert (Lair:4)
  3 mummy priests (Lair:1)
  8 boulder beetles
  2 swooping magpies
  An unseen horror (D:5)
  3 two-headed ogres (D:5)
  7 hydras
  5 giraffes (Lair:4)
  Joseph (D:4)
  6 black mambas
  11 spiny frogs
  19 elephants
  A wolf spider (Lair:6)
  6 rime drakes
  Psyche (D:4)
  5 guardian mummies (Lair:1)
  A troll (D:5)
  2 tyrant leeches (Lair:3)
  11 komodo dragons
  2 polar bears
  A hornet (Lair:6)
  8 blink frogs
  7 dream sheep
  A hydra zombie (Lair:1)
  4 steam dragons (Lair:6)
  9 wyverns
  3 basilisks
  3 redbacks (Lair:1)
  14 yaks
  A swamp drake (Lair:6)
  7 scorpions
  26 water moccasins
  4 orc warriors
  A dream sheep zombie (Lair:1)
  15 porcupines
  A sky beast (D:4)
  2 ogres
  23 crocodiles
  13 bullfrogs
  5 big kobolds (D:2)
  2 spiny frog skeletons (Lair:1)
  3 howler monkeys
  13 killer bees (D:5)
  8 wights (D:4)
  A black bear zombie (Lair:1)
  A quasit (D:5)
  3 crimson imps
  7 orc priests
  3 hounds
  6 jellies
  2 mummies (Lair:1)
  4 iguanas (Lair:6)
  5 orc wizards
  A crocodile zombie (Lair:1)
  9 worker ants
  2 crocodile skeletons (Lair:1)
  2 water moccasin skeletons (Lair:1)
  7 giant cockroaches
  3 bullfrog zombies
  A porcupine skeleton (Lair:1)
  5 bullfrog skeletons
  2 shadow imps (D:4)
  13 adders
  6 gnolls
  25 sewer rats (D:2)
  2 white imps
  5 worms
  10 cinder newts
  A worker ant zombie (D:5)
  2 hound skeletons (D:3)
  4 oozes
  A dart slug (D:3)
  11 leopard geckos
  15 orcs
  2 adder skeletons
  5 goblins (D:1)
  4 hobgoblins (D:1)
  10 jackals
  5 quokkas
  5 ball pythons
  4 bats
  4 bat skeletons (D:2)
  2 hobgoblin skeletons (D:2)
  26 kobolds
  2 quokka skeletons
  6 rats (D:1)
  2 butterflies
506 creatures vanquished.

Vanquished Creatures (others)
  A spiny frog (Lair:6)
  A crocodile (Lair:2)
  A bush (Lair:4)
  A fungus (Lair:5)
  11 plants
  123 withered plants (D:2)
138 creatures vanquished.

Grand Total: 644 creatures vanquished

Notes
Turn   | Place    | Note
-------+----------+-------------------------------------------
     0 | D:1      | esc the Lignifite Berserker began the quest for the Orb.
     0 | D:1      | Reached XP level 1. HP: 16/16 MP: 2/2
   116 | D:1      | Reached XP level 2. HP: 21/21 MP: 3/3
   206 | D:1      | Reached XP level 3. HP: 26/26 MP: 4/4
   229 | D:1      | Received a gift from Trog
   231 | D:1      | Reached ** piety under Trog
   447 | D:1      | Found a glowing golden altar of the Shining One.
   489 | D:1      | Reached skill level 4 in Maces & Staves
   662 | D:2      | Reached XP level 4. HP: 33/33 MP: 5/5
   721 | D:2      | Found a hide-covered altar of Uskayaw.
   723 | D:2      | Reached XP level 5. HP: 37/37 MP: 6/6
   786 | D:2      | Reached skill level 5 in Maces & Staves
   786 | D:2      | Reached XP level 6. HP: 47/49 MP: 7/7
   814 | D:2      | Found Okamp's Food Shop.
   854 | D:2      | Reached *** piety under Trog
   964 | D:2      | Reached skill level 5 in Fighting
   972 | D:2      | Reached XP level 7. HP: 30/56 MP: 8/8
  1095 | D:2      | Reached skill level 6 in Maces & Staves
  1095 | D:2      | Reached skill level 5 in Dodging
  1157 | D:2      | Received a gift from Trog
  1387 | D:2      | Reached **** piety under Trog
  1769 | D:2      | Reached XP level 8. HP: 64/64 MP: 9/9
  1960 | D:2      | Found a blossoming altar of Fedhas.
  1971 | D:2      | Found a burning altar of Makhleb.
  2176 | D:3      | Reached skill level 7 in Maces & Staves
  2421 | D:3      | Reached skill level 1 in Shields
  2437 | D:3      | HP: 1/65 [orc priest/divine providence (14)]
  2456 | D:2      | Reached ***** piety under Trog
  2662 | D:3      | Received a gift from Trog
  2843 | D:3      | Found an iron altar of Okawaru.
  2901 | D:3      | Reached XP level 9. HP: 69/72 MP: 10/10
  3105 | D:4      | Reached skill level 8 in Maces & Staves
  3248 | D:4      | Identified the cursed amulet "Aciatwusi" {Harm *Drain
                  | +Blink MR+ Int+2 Stlth-, (Curse: Fragile)}
  3456 | D:4      | Found a white marble altar of Elyvilon.
  3752 | D:4      | Noticed Psyche
  3758 | D:4      | Killed Psyche
  3758 | D:4      | Reached skill level 9 in Maces & Staves
  3765 | D:4      | Noticed Joseph
  3772 | D:4      | Killed Joseph
  3772 | D:4      | Reached XP level 10. HP: 65/82 MP: 11/11
  3773 | D:4      | Found a staircase to the Ecumenical Temple.
  3875 | D:4      | Reached skill level 5 in Shields
  4111 | D:4      | Received a gift from Trog
  4265 | D:5      | Entered Level 5 of the Dungeon
  4284 | D:5      | Noticed a two-headed ogre
  4287 | D:5      | Killed an unseen horror
  4471 | D:5      | Found a staircase to the Lair.
  4583 | D:5      | Killed a two-headed ogre
  4594 | D:5      | Reached skill level 10 in Maces & Staves
  4788 | D:5      | Noticed a two-headed ogre
  4798 | D:5      | Killed a two-headed ogre
  4799 | D:5      | Reached ****** piety under Trog
  5053 | D:5      | Noticed a two-headed ogre
  5059 | D:5      | Killed a two-headed ogre
  5059 | D:5      | Reached XP level 11. HP: 69/97 MP: 12/12
  5170 | Lair:1   | Entered Level 1 of the Lair of Beasts
  5218 | Lair:1   | Noticed a five-headed hydra
  5230 | Lair:1   | Killed a five-headed hydra
  5836 | Lair:1   | Identified the +1 plate armour of Udemiban {rC+}
  5954 | Lair:1   | Reached skill level 10 in Fighting
  5957 | Lair:1   | Noticed a mummy priest
  5961 | Lair:1   | Received a gift from Trog
  5964 | Lair:1   | Killed a mummy priest
  6184 | Lair:1   | Reached skill level 11 in Maces & Staves
  6569 | Lair:1   | Noticed a mummy priest
  6571 | Lair:1   | Noticed a mummy priest
  6572 | Lair:1   | Noticed a jiangshi
  6575 | Lair:1   | Killed a mummy priest
  6580 | Lair:1   | Killed a mummy priest
  6901 | Lair:2   | Identified the +1 leather armour of Context {-Vis Regen+
                  | Str-3 Int+8}
  6910 | Lair:2   | Noticed a boulder beetle
  6975 | Lair:2   | Killed a boulder beetle
  7084 | Lair:2   | Reached XP level 12. HP: 104/108 MP: 13/13
  7291 | Lair:2   | Reached skill level 10 in Dodging
  7765 | Lair:3   | Found a hole to the Spider Nest.
  8120 | Lair:3   | Received a gift from Trog
  8274 | Lair:3   | Reached skill level 12 in Maces & Staves
  8360 | Lair:3   | Found a staircase to the Swamp.
  8677 | Lair:3   | Noticed a boulder beetle
  8690 | Lair:3   | Killed a boulder beetle
  9019 | Lair:4   | Noticed Rupert
  9035 | Lair:4   | Killed Rupert
  9035 | Lair:4   | Reached skill level 10 in Shields
  9035 | Lair:4   | Reached XP level 13. HP: 117/117 MP: 14/14
  9207 | Lair:4   | Reached skill level 13 in Maces & Staves
 10095 | Lair:5   | Found a viscous altar of Jiyva.
 10095 | Lair:5   | Noticed Kaofid's ghost (journeyman GrEE)
 10151 | Lair:5   | Reached skill level 1 in Armour
 10199 | Lair:5   | Received a gift from Trog
 10732 | Lair:5   | Found a runed translucent gate.
 10733 | Lair:5   | Found a runed translucent gate.
 10744 | Lair:5   | Found a runed translucent gate.
 10812 | Lair:5   | Reached XP level 14. HP: 120/127 MP: 15/15
 11142 | Lair:6   | Entered Level 6 of the Lair of Beasts
 11193 | Lair:6   | Received a gift from Trog
 11815 | Lair:6   | Found a viscous altar of Jiyva.
 11815 | Lair:6   | Found a staircase to the Slime Pits.
 11830 | Lair:6   | Reached skill level 14 in Maces & Staves
 12131 | Lair:6   | HP: 6/129 [swamp dragon (1)]
 12132 | Lair:6   | Killed from afar by a fire dragon

Levels and vault maps discovered:
D:1:      arrival_zaba_pyramid, layout_cave_pools, tso_altar
D:2:      layout_sewer, minitemple, disused_pipe, serial_column_ruins,
          column_ruins_columns_T, column_ruins_open_tiny,
          column_ruins_open_tiny, basic_altar, first_ration, serial_shops, shop,
          chequers_serial_rivers_room_a, minmay_misc_feat_columns, corexii_shack
D:3:      layout_basic, okawaru_gym_becter
D:4:      layout_basic, marbit_many_paths, temple_hall, uniq_joseph, uniq_psyche
D:5:      layout_loops_ring, dpeg_oklobed_lair
Lair:1:   ossuary_tomb_3, layout_chaotic_city, chequers_ossuary_entry_cave
Lair:2:   layout_big_grid
Lair:3:   layout_concentric_octagons, minmay_swamp_entry_worms,
          nicolae_spider_entry_non_spiders, minmay_stone_trees_small
Lair:4:   layout_loops_ring, grunt_megastairs_2, uniq_rupert
Lair:5:   layout_hall_layers, gammafunk_ghost_ooze, beast_lair_carwin_1
Lair:6:   hangedman_lair_tendril_chambers, layout_hall_layers,
          guppyfry_lair_end_dragon, slime_island, uniq_nessos

Skill      XL: |  1  2  3  4  5  6  7  8  9 10 11 12 13 14 |
---------------+-------------------------------------------+-----
Dodging        | 3 4 5 6 7 8 9 11 12 | 12.1
Maces & Staves | 4 5 6 7 9 10 11 12 13 14 | 14.0
Fighting       | 4 5 6 7 8 9 10 11 12 13 | 13.0
Shields        | 2 4 6 8 10 11 | 11.5
Armour         | 3 4 |  4.0

Action                   |  1- 3 |  4- 6 |  7- 9 | 10-12 | 13-15 || total
-------------------------+-------+-------+-------+-------+-------++-------
Melee: Mace              |    31 |       |       |       |       ||    31
       Unarmed           |    14 |       |    19 |       |       ||    33
       Quarterstaff      |    14 |    52 |    24 |       |       ||    90
       Morningstar       |       |       |   206 |   321 |   275 ||   802
Throw: Stone             |       |       |     1 |       |       ||     1
       Bone              |       |       |     1 |       |       ||     1
Invok: Berserk           |       |       |     1 |     5 |       ||     6
 Abil: Plant Roots       |       |       |       |       |     8 ||     8
       Unearth Roots     |       |       |       |       |     8 ||     8
Evoke: Wand              |       |       |       |     6 |       ||     6
  Use: Scroll            |       |       |     2 |     1 |     1 ||     4
       Potion            |       |       |     1 |       |     1 ||     2
 Stab: Sleeping          |       |       |     2 |       |       ||     2
       Distracted        |       |       |       |     2 |       ||     2
  Eat: Chunk             |       |       |     6 |     7 |     8 ||    21
       Ration            |       |       |       |     2 |       ||     2
Armor: Animal skin       |     1 |     3 |    13 |    44 |    11 ||    72
       Troll leather     |       |       |       |       |    61 ||    61
Dodge: Dodged            |    25 |    32 |   115 |    52 |    54 ||   278
Block: Other             |     1 |     3 |    13 |       |       ||    17
       Heater shield     |       |       |    43 |   185 |   197 ||   425
       Reflection        |       |       |       |     2 |     3 ||     5
